AoeStats
← iaa4e

Lombardia

508070486Analyzed
4v4 RM · 12d ago on Sep 20, 2026· 51m 20s· 8 players
Game mode
Random Map
Map size
Large (8 player)
Population
200
Speed
Normal
Resources
Standard
Victory
Conquest
Starting age
Dark Age
Ending age
Imperial Age
RankedLock teamsTeams togetherTeam positionsShared explorationLock speedFull tech treeHidden civsTurbo modeCheats
Victory
Defeat
🇩🇪 Franks · Germany
1196
+16
🇲🇽 Tatars · Mexico
1172
+17
🇦🇷 Berbers · Argentina
1171
+17
🇨🇴 Bulgarians · Colombia
1116
+19
1335
-24
🇩🇪 Khitans · Germany
1325
-23
🇩🇪 Khmer · Germany
1065
-12
🇸🇪 Magyars · Sweden
1003
-10
Rogfin
6:43 Loom
9:54 Feudal Age
10:21 Double-Bit Axe
12:49 Horse Collar
14:18 Wheelbarrow
19:29 Castle Age
18:11 Gold Mining
18:34 Forging
19:24 Scale Barding Armor
20:10 Bloodlines
20:31 Heavy Plow
21:11 Husbandry
25:44 Iron Casting
26:58 Chain Barding Armor
33:51 Imperial Age
31:26 Scale Mail Armor
32:26 Bow Saw
32:33 Chain Mail Armor
33:02 Squires
33:09 Town Watch
33:49 Stirrups
36:18 Blast Furnace
36:05 Plate Barding Armor
35:56 Conscription
38:11 Crop Rotation
38:25 Plate Mail Armor
37:42 Arson
37:48 Elite Konnik
39:11 Caravan
40:24 Gold Shaft Mining
40:16 Fletching
41:59 Hand Cart
46:56 Bodkin Arrow
50:06 Padded Archer Armor
J_Dav
8:03 Loom
10:18 Feudal Age
17:14 Castle Age
16:17 Forging
17:17 Bloodlines
17:59 Scale Barding Armor
20:52 Gold Mining
21:22 Town Watch
23:57 Husbandry
36:47 Double-Bit Axe
39:24 Wheelbarrow
42:45 Imperial Age
40:04 Light Cavalry
41:03 Horse Collar
43:05 Chain Barding Armor
45:12 Fletching
49:20 Caravan
50:46 Heavy Plow
iaa4e
10:59 Feudal Age
19:16 Castle Age
19:17 Loom
20:27 Double-Bit Axe
21:39 Wheelbarrow
21:33 Bow Saw
21:25 Gold Mining
23:35 Gold Shaft Mining
24:58 Hand Cart
25:21 Town Watch
25:46 Husbandry
25:58 Scale Barding Armor
26:03 Forging
27:47 Town Patrol
28:36 Chain Barding Armor
30:28 Forging
32:13 Iron Casting
37:57 Ballistics
41:06 Imperial Age
40:28 #83
41:16 Cavalier
42:33 Plate Barding Armor
42:59 Blast Furnace
42:06 Fletching
42:47 Chivalry
43:18 Conscription
44:15 Chemistry
43:21 Siege Engineers
43:11 Paladin
45:09 Elite Throwing Axeman
49:29 Stone Mining
DS_ZuRiTa
10:21 Feudal Age
11:38 Loom
15:28 Castle Age
14:05 Double-Bit Axe
17:15 Town Watch
17:27 Fletching
19:12 Wheelbarrow
24:19 Bodkin Arrow
25:51 Gold Mining
26:51 Padded Archer Armor
26:56 Husbandry
29:10 Thumb Ring
30:03 Ballistics
32:04 Leather Archer Armor
33:05 Bloodlines
35:57 Gold Shaft Mining
35:03 Horse Collar
36:22 Coinage
40:27 Imperial Age
38:49 Stone Mining
39:01 Heavy Plow
39:20 Kasbah
41:40 Conscription
41:32 Bracer
42:24 Ring Archer Armor
44:04 Chemistry
44:29 Heavy Cavalry Archer
52:07 Hand Cart
51:52 Town Patrol
52:05 Bow Saw
52:26 Crop Rotation
52:33 Stone Shaft Mining
Creed
11:08 Feudal Age
15:28 Castle Age
14:18 Double-Bit Axe
14:15 Domestication
18:25 Loom
27:14 Gold Mining
27:29 Stone Mining
28:07 Pikeman
28:50 Squires
28:35 Arson
29:28 Gambesons
30:19 Forging
32:00 Iron Casting
39:55 Imperial Age
38:22 Bow Saw
38:58 Scale Barding Armor
39:55 Wheelbarrow
39:50 Husbandry
40:12 Chain Barding Armor
40:15 Pastoralism
40:30 Elite Steppe Lancer
42:16 Plate Barding Armor
45:08 Transhumance
44:56 Hand Cart
45:07 Ordo Cavalry
46:15 Town Watch
48:09 Lamellar Armor
48:25 Conscription
48:13 Scale Mail Armor
49:11 Elite Fire Lancer
50:23 Chain Mail Armor
widL
3:35 Loom
10:53 Feudal Age
13:36 Double-Bit Axe
16:52 Castle Age
14:48 Horse Collar
15:25 Double-Bit Axe
19:34 Wheelbarrow
23:47 Gold Mining
24:50 Scale Barding Armor
25:14 Husbandry
26:06 Stone Mining
27:45 Bloodlines
29:19 Town Watch
29:28 Town Watch
32:40 Hand Cart
34:14 Heavy Plow
34:28 Bow Saw
36:06 Gold Shaft Mining
38:09 Chain Barding Armor
38:20 Fletching
42:38 Imperial Age
41:46 Ballistics
41:39 Masonry
42:47 Corvinian Army
43:07 Bodkin Arrow
44:12 Conscription
45:13 Plate Barding Armor
46:27 Coinage
47:02 Chemistry
47:15 Two-Man Saw
46:51 Crop Rotation
46:03 Elite Magyar Huszar
49:01 Murder Holes
49:05 Cavalier
kingnick8238
7:24 Loom
13:17 Feudal Age
17:57 Castle Age
15:55 Double-Bit Axe
15:52 Horse Collar
21:04 Bow Saw
28:07 Pikeman
30:01 Wheelbarrow
29:12 Town Watch
31:55 Gold Mining
36:25 Hand Cart
43:14 Imperial Age
41:58 Heavy Plow
42:11 Town Patrol
45:05 Gold Shaft Mining
44:23 Stone Mining
44:59 Ballistics
44:31 Heavy Scorpion
45:21 Scale Mail Armor
45:32 Forging
46:44 Chemistry
48:02 Halberdier
[Sacred Fart] Turk Turkelton
11:32 Feudal Age
15:07 Castle Age
15:06 Wheelbarrow
14:22 Double-Bit Axe
14:18 Horse Collar
16:04 Bow Saw
16:55 Fletching
17:50 Bodkin Arrow
20:58 Ballistics
20:18 Crossbowman
23:01 Thumb Ring
23:36 Padded Archer Armor
24:12 Loom
25:01 Gold Mining
27:07 Gold Shaft Mining
29:10 Town Watch
32:40 Hand Cart
32:53 Leather Archer Armor
39:17 Imperial Age
39:20 Arbalester
40:01 Bracer
40:49 Conscription
42:04 Chemistry
42:28 Ring Archer Armor
45:16 Fortified Wall
45:13 Siege Engineers
46:09 Coinage
45:39 Caravan
Connection lost

Rejoining the realm…

Still unreachable

The connection could not be restored.

Session expired

The server has moved on; the page needs a fresh start.